AoeStats
← Vary002

African Clearing

504303453Analyzed
3v3 RM · 28d ago on Sep 4, 2026· 39m 55s· 6 players
Game mode
Random Map
Map size
Normal (6 player)
Population
200
Speed
Normal
Resources
Standard
Victory
Conquest
Starting age
Dark Age
Ending age
Imperial Age
RankedLock teamsTeams togetherTeam positionsShared explorationLock speedFull tech treeHidden civsTurbo modeCheats
Victory
Defeat
🇨🇿 Cumans · Czechia
1088
+13
🇨🇿 Wei · Czechia
1020
+16
🇨🇿 Khmer · Czechia
986
+17
🇫🇷 Franks · France
1065
-18
🇹🇷 Vietnamese · Türkiye
1010
-15
🇩🇪 Aztecs · Germany
963
-13
dodo_kkl
6:13 Loom
10:10 Loom
16:16 Feudal Age
19:39 Man-at-Arms
26:26 Castle Age
26:31 Pikeman
26:33 Crossbowman
36:02 Double-Bit Axe
36:22 Scale Mail Armor
EliJaHood
10:29 Loom
14:38 Feudal Age
25:26 Castle Age
24:04 Double-Bit Axe
25:51 Scale Barding Armor
25:57 Forging
30:53 Husbandry
36:15 Imperial Age
34:24 Wheelbarrow
34:24 Chain Barding Armor
34:39 Iron Casting
36:16 Cavalier
39:07 Paladin
Hoodie Melo
3:58 Loom
14:04 Feudal Age
14:30 Double-Bit Axe
19:44 Castle Age
18:11 Scale Mail Armor
18:21 Forging
21:29 Wheelbarrow
20:39 Town Watch
22:39 Chain Mail Armor
23:27 Bow Saw
24:09 Squires
23:56 Arson
24:07 Horse Collar
25:27 Eagle Warrior
26:30 Heavy Plow
28:12 Iron Casting
27:22 Pikeman
28:12 Gold Mining
30:19 Hand Cart
30:04 Town Patrol
32:18 Gold Shaft Mining
34:59 Fletching
35:43 Bodkin Arrow
Dalwen
4:38 Loom
16:52 Feudal Age
17:41 Gold Mining
17:38 Double-Bit Axe
18:39 Horse Collar
20:04 Wheelbarrow
24:05 Castle Age
23:29 Bloodlines
25:10 Forging
25:06 Scale Barding Armor
28:12 Hand Cart
28:16 Stone Mining
29:03 Gold Shaft Mining
30:00 Town Watch
31:20 Heavy Plow
33:45 Iron Casting
33:31 Chain Barding Armor
37:30 Fletching
41:36 Imperial Age
39:31 Bodkin Arrow
Dortolini
14:34 Feudal Age
12:52 Loom
14:41 Feudal Age
16:04 Double-Bit Axe
17:05 Horse Collar
23:02 Castle Age
24:27 Bloodlines
27:07 Husbandry
30:01 Heavy Plow
32:16 Forging
33:32 Tusk Swords
34:59 Bow Saw
38:38 Gold Mining
38:41 Stone Mining
39:55 Scale Barding Armor
Vary002
13:56 Loom
15:41 Feudal Age
17:55 Double-Bit Axe
18:20 Horse Collar
28:43 Fletching
28:54 Padded Archer Armor
30:41 Wheelbarrow
32:40 Castle Age
34:26 Thumb Ring
34:57 Bow Saw
36:34 Bodkin Arrow
36:55 Leather Archer Armor
38:27 Heavy Plow
Connection lost

Rejoining the realm…

Still unreachable

The connection could not be restored.

Session expired

The server has moved on; the page needs a fresh start.